TOP OF THE 1ST |
Baltimore Orioles batting - Pitching for Chicago White Sox : RHP Adam Ratcliff
|
Pitching: RHP Adam Ratcliff
|
|
Batting: RHB Saimei Kudo
|
0-0: Foul Ball, location: 2F 0-1: Ball 1-1: Ball 2-1: Foul Ball, location: 2F 2-2: Ball 3-2: SOLO HOME RUN (Flyball, 78XD, EV 111.2 MPH), Distance : 422 ft
|
Batting: RHB Tenshou Takita
|
0-0: Fly out, F9 (Line Drive, 9LM, EV 97.5 MPH)
|
Batting: RHB Rudo Garciaparra
|
0-0: Fly out, F7 (Flyball, 7, EV 96.2 MPH)
|
Batting: SHB Jason Hayes
|
0-0: Ball 1-0: Ball 2-0: Ball 3-0: Fly out, F9 (Flyball, 89S, EV 91.2 MPH)
|
Top of the 1st over - 1 run, 1 hit, 0 errors, 0 left on base; Baltimore 1 - Chicago 0 |
BOTTOM OF THE 1ST |
Chicago White Sox batting - Pitching for Baltimore Orioles : LHP Lennart Hjelm
|
Pitching: LHP Lennart Hjelm
|
|
Batting: SHB Alfie Bungledorf
|
0-0: SINGLE (Line Drive, 6D, EV 106.9 MPH)
|
Batting: SHB Bartholomeu Chambino
|
0-0: SINGLE (Line Drive, 8RS, EV 100.6 MPH) Alfie Bungledorf to second
|
Batting: RHB Joseph Disepolo
|
0-0: Called Strike 0-1: Ball 1-1: Called Strike 1-2: Ball 2-2: Ball 3-2: Foul Ball, location: 2F 3-2: Fielders Choice at 2nd, 3-6 (Groundball, 34, EV 101.2 MPH) Alfie Bungledorf to third
|
Batting: RHB Chris Cooper
|
0-0: Called Strike 0-1: Fly out, F8 (Flyball, 89M, EV 95.6 MPH) Runner from 3rd tags up, SCORES, throw by CF
|
Batting: RHB Dietmar Warmisch
|
0-0: Ball 1-0: Called Strike 1-1: Called Strike 1-2: Fly out, F9 (Flyball, 9S, EV 83.8 MPH)
|
Bottom of the 1st over - 1 run, 2 hits, 0 errors, 1 left on base; Baltimore 1 - Chicago 1 |
TOP OF THE 2ND |
Baltimore Orioles batting - Pitching for Chicago White Sox : RHP Adam Ratcliff
|
Batting: RHB Vince Jackson
|
0-0: Called Strike 0-1: Fly out, F9 (Flyball, 9D, EV 98.1 MPH)
|
Batting: LHB Brian Feher
|
0-0: Ground out 6-3 (Groundball, P, EV 82.5 MPH)
|
Batting: SHB Tony Prado
|
0-0: Ball 1-0: SINGLE (Groundball, 34S, EV 68.1 MPH) (infield hit)
|
Batting: SHB Bran Stark
|
0-0: Called Strike 0-1: Swinging Strike 0-2: Foul Ball, location: 2F Pickoff Throw to First - Error! E1 Tony Prado to second 0-2: Strikes out swinging
|
Top of the 2nd over - 0 runs, 1 hit, 1 error, 1 left on base; Baltimore 1 - Chicago 1 |
BOTTOM OF THE 2ND |
Chicago White Sox batting - Pitching for Baltimore Orioles : LHP Lennart Hjelm
|
Batting: RHB Leo Navarro
|
0-0: Called Strike 0-1: Foul Ball, location: 2F 0-2: Ball 1-2: Ball 2-2: Ball 3-2: Strikes out swinging
|
Batting: RHB Dieter Knoops
|
0-0: Called Strike 0-1: Foul Ball, location: 2F 0-2: Ball 1-2: Foul Ball, location: 2F 1-2: Strikes out swinging
|
Batting: RHB Brad Boals
|
0-0: Foul Ball, location: 2F 0-1: Called Strike 0-2: Foul Ball, location: 2F 0-2: Ball 1-2: Strikes out swinging
|
Bottom of the 2nd over - 0 runs, 0 hits, 0 errors, 0 left on base; Baltimore 1 - Chicago 1 |
TOP OF THE 3RD |
Baltimore Orioles batting - Pitching for Chicago White Sox : RHP Adam Ratcliff
|
Batting: SHB Eduardo Maldonado
|
0-0: Ball 1-0: Swinging Strike 1-1: Foul Ball, location: 2F 1-2: Foul Ball, location: 2F 1-2: Ground out 5-3 (Groundball, 56, EV 83.1 MPH)
|
Batting: RHB Saimei Kudo
|
0-0: Foul Ball, location: 2F 0-1: Called Strike 0-2: Strikes out looking
|
Batting: RHB Tenshou Takita
|
0-0: Ground out 5-3 (Groundball, 56, EV 101.9 MPH)
|
Top of the 3rd over - 0 runs, 0 hits, 0 errors, 0 left on base; Baltimore 1 - Chicago 1 |
BOTTOM OF THE 3RD |
Chicago White Sox batting - Pitching for Baltimore Orioles : LHP Lennart Hjelm
|
Batting: RHB Kikuo Sato
|
0-0: Called Strike 0-1: Ball 1-1: Foul Ball, location: 2F 1-2: Foul Ball, location: 2F 1-2: SINGLE (Groundball, 34D, EV 106.2 MPH)
|
Batting: SHB Alfie Bungledorf
|
0-0: Ball 1-0: Ball 2-0: Ball 3-0: Called Strike 3-1: Foul Ball, location: 2F 3-2: Foul Ball, location: 2F 3-2: Base on Balls Kikuo Sato to second
|
Batting: SHB Bartholomeu Chambino
|
0-0: Ball 1-0: Ball 2-0: Foul Ball, location: 2F 2-1: Ball 3-1: Foul Ball, location: 2F 3-2: 3-RUN HOME RUN (Flyball, 8RXD, EV 109.4 MPH), Distance : 419 ft
|
Batting: RHB Joseph Disepolo
|
0-0: Ball 1-0: Ball 2-0: DOUBLE (Line Drive, 7LM, EV 98.8 MPH)
|
Batting: RHB Chris Cooper
|
0-0: Ball 1-0: Ball 2-0: Called Strike 2-1: Ball 3-1: Reached on error, E1 (Groundball, 23, EV 66.2 MPH) Joseph Disepolo scores
|
Batting: RHB Dietmar Warmisch
|
0-0: Called Strike 0-1: Ground out 5-3 (Groundball, 5, EV 98.1 MPH)
|
Batting: RHB Leo Navarro
|
0-0: Ball 1-0: Swinging Strike 1-1: Swinging Strike 1-2: Foul Ball, location: 2F 1-2: Ball 2-2: Ball 3-2: Foul Ball, location: 2F 3-2: DOUBLE (Flyball, 8RXD, EV 98.8 MPH) Chris Cooper scores
|
Pitching: RHP Juan Estrada
|
|
Batting: RHB Dieter Knoops
|
0-0: Called Strike 0-1: Called Strike 0-2: Fly out, F9 (Flyball, 9S, EV 81.2 MPH)
|
Batting: RHB Brad Boals
|
0-0: Ball Wild Pitch! Leo Navarro to third 1-0: Called Strike 1-1: Foul Ball, location: 2F 1-2: Strikes out swinging
|
Bottom of the 3rd over - 5 runs, 4 hits, 1 error, 1 left on base; Baltimore 1 - Chicago 6 |
TOP OF THE 4TH |
Baltimore Orioles batting - Pitching for Chicago White Sox : RHP Adam Ratcliff
|
Batting: RHB Rudo Garciaparra
|
0-0: Ball 1-0: Ball 2-0: Swinging Strike 2-1: Swinging Strike 2-2: DOUBLE (Line Drive, 7LS, EV 108.8 MPH)
|
Batting: SHB Jason Hayes
|
0-0: Ball 1-0: Called Strike 1-1: Called Strike Rudo Garciaparra steals 3rd base 1-2: Ball 2-2: Ground out 6-3 (Groundball, 4M, EV 102.5 MPH) Rudo Garciaparra scores
|
Batting: RHB Vince Jackson
|
0-0: Ball 1-0: Ball 2-0: SINGLE (Groundball, 34D, EV 101.9 MPH)
|
Batting: LHB Brian Feher
|
0-0: Called Strike 0-1: Fly out, F8 (Flyball, 8LM, EV 88.8 MPH)
|
Batting: SHB Tony Prado
|
0-0: Ball 1-0: Foul Ball, location: 2F 1-1: Ball 2-1: Ball 3-1: Base on Balls Vince Jackson to second
|
Batting: SHB Bran Stark
|
0-0: Called Strike 0-1: Foul Ball, location: 2F 0-2: Strikes out looking
|
Top of the 4th over - 1 run, 2 hits, 0 errors, 2 left on base; Baltimore 2 - Chicago 6 |
BOTTOM OF THE 4TH |
Chicago White Sox batting - Pitching for Baltimore Orioles : RHP Juan Estrada
|
Batting: RHB Kikuo Sato
|
0-0: Ball 1-0: Swinging Strike 1-1: Called Strike 1-2: Strikes out swinging
|
Batting: SHB Alfie Bungledorf
|
0-0: Ball 1-0: SINGLE (Groundball, 56D, EV 101.2 MPH)
|
Batting: SHB Bartholomeu Chambino
|
0-0: Called Strike 0-1: Called Strike 0-2: Foul Ball, location: 2F 0-2: Fly out, F7 (Flyball, 7LS, EV 79.4 MPH)
|
Batting: RHB Joseph Disepolo
|
0-0: Called Strike 0-1: Ball 1-1: Called Strike 1-2: Strikes out swinging
|
Bottom of the 4th over - 0 runs, 1 hit, 0 errors, 1 left on base; Baltimore 2 - Chicago 6 |
TOP OF THE 5TH |
Baltimore Orioles batting - Pitching for Chicago White Sox : RHP Adam Ratcliff
|
Batting: SHB Eduardo Maldonado
|
0-0: Swinging Strike 0-1: Called Strike 0-2: Ball 1-2: Foul Ball, location: 2F 1-2: Foul Ball, location: 2F 1-2: Strikes out swinging
|
Batting: RHB Saimei Kudo
|
0-0: Swinging Strike 0-1: Foul Ball, location: 2F 0-2: Ball 1-2: Foul Ball, location: 2F 1-2: Foul Ball, location: 2F 1-2: Ball 2-2: Ball 3-2: Foul Ball, location: 2F 3-2: Base on Balls
|
Batting: RHB Tenshou Takita
|
0-0: Ball 1-0: Called Strike 1-1: Foul Ball, location: 2F 1-2: Ball 2-2: Ball 3-2: SINGLE (Flyball, 7LS, EV 88.1 MPH) Saimei Kudo to second
|
Batting: RHB Rudo Garciaparra
|
0-0: Called Strike Saimei Kudo steals 3rd base Tenshou Takita to second 0-1: Swinging Strike 0-2: Ball 1-2: Foul Ball, location: 2F 1-2: Ball 2-2: Fly out, F6 (Line Drive, 56D, EV 67.5 MPH)
|
Batting: SHB Jason Hayes
|
0-0: Swinging Strike 0-1: Ball 1-1: Ball 2-1: Ball 3-1: Base on Balls
|
Pitching: RHP Mike Willig
|
|
Batting: RHB Vince Jackson
|
0-0: Ball 1-0: Ball 2-0: SINGLE (Groundball, 4M, EV 98.1 MPH) (infield hit) Saimei Kudo scores Tenshou Takita to third Jason Hayes to second
|
Batting: LHB Brian Feher
|
0-0: Swinging Strike 0-1: Foul Ball, location: 2F 0-2: Fielders Choice at 2nd, 6-4 (Groundball, 6, EV 83.8 MPH)
|
Top of the 5th over - 1 run, 2 hits, 0 errors, 3 left on base; Baltimore 3 - Chicago 6 |
BOTTOM OF THE 5TH |
Chicago White Sox batting - Pitching for Baltimore Orioles : RHP Juan Estrada
|
Batting: RHB Chris Cooper
|
0-0: Ball 1-0: Called Strike 1-1: Ground out 4-3 (Groundball, 4, EV 85.0 MPH)
|
Batting: RHB Dietmar Warmisch
|
0-0: Ball 1-0: Foul Ball, location: 2F 1-1: Foul Ball, location: 2F 1-2: Strikes out swinging
|
Batting: RHB Leo Navarro
|
0-0: Called Strike 0-1: Ball 1-1: Ground out 5-3 (Groundball, 5, EV 87.5 MPH)
|
Bottom of the 5th over - 0 runs, 0 hits, 0 errors, 0 left on base; Baltimore 3 - Chicago 6 |
TOP OF THE 6TH |
Baltimore Orioles batting - Pitching for Chicago White Sox : RHP Mike Willig
|
Batting: SHB Tony Prado
|
0-0: Foul Ball, location: 2F 0-1: Ball 1-1: Swinging Strike 1-2: Ball 2-2: Ball 3-2: Foul Ball, location: 2F 3-2: Foul Ball, location: 2F 3-2: TRIPLE (Flyball, 89XD, EV 104.4 MPH)
|
Batting: SHB Bran Stark
|
0-0: Ball 1-0: Ball 2-0: DOUBLE (Line Drive, 5D, EV 93.8 MPH) Tony Prado scores
|
Pitching: RHP Riso Profanter
|
|
Batting: SHB Eduardo Maldonado
|
0-0: Foul Ball, location: 2F 0-1: Ball 1-1: Foul Ball, location: 2F 1-2: Strikes out swinging
|
Batting: RHB Saimei Kudo
|
0-0: Ball 1-0: Ball 2-0: Ball 3-0: Base on Balls
|
Batting: RHB Tenshou Takita
|
0-0: Ball 1-0: Foul Ball, location: 2F 1-1: Foul Ball, location: 2F 1-2: SINGLE (Line Drive, 34D, EV 108.8 MPH) Bran Stark to third Saimei Kudo to second Runner from 3rd tries for Home, SAFE, throw by RF to home
|
Batting: RHB Rudo Garciaparra
|
0-0: Called Strike 0-1: Foul Ball, location: 2F 0-2: Fly out, F7 (Flyball, 7, EV 81.9 MPH)
|
Batting: SHB Jason Hayes
|
0-0: Ground out 4-3 (Groundball, 4, EV 88.1 MPH)
|
Top of the 6th over - 2 runs, 3 hits, 0 errors, 2 left on base; Baltimore 5 - Chicago 6 |
BOTTOM OF THE 6TH |
Chicago White Sox batting - Pitching for Baltimore Orioles : RHP Juan Estrada
|
Batting: RHB Dieter Knoops
|
0-0: Swinging Strike 0-1: Ball 1-1: Foul Ball, location: 2F 1-2: Fly out, F7 (Line Drive, 78M, EV 97.5 MPH)
|
Batting: RHB Brad Boals
|
0-0: Swinging Strike 0-1: Foul Ball, location: 2F 0-2: Ball 1-2: Ball 2-2: Ground out U3 (Groundball, 34, EV 80.0 MPH)
|
Batting: RHB Kikuo Sato
|
0-0: Ball 1-0: Called Strike 1-1: Foul Ball, location: 2F 1-2: Foul Ball, location: 2F 1-2: Strikes out swinging
|
Bottom of the 6th over - 0 runs, 0 hits, 0 errors, 0 left on base; Baltimore 5 - Chicago 6 |
TOP OF THE 7TH |
Baltimore Orioles batting - Pitching for Chicago White Sox : RHP Riso Profanter
|
Batting: RHB Vince Jackson
|
0-0: Ball 1-0: SINGLE (Line Drive, 34, EV 97.5 MPH)
|
Batting: LHB Brian Feher
|
0-0: Ball 1-0: Foul Ball, location: 2F 1-1: Ball 2-1: Foul Ball, location: 2F 2-2: Strikes out swinging
|
Batting: SHB Tony Prado
|
0-0: Called Strike 0-1: Called Strike 0-2: Strikes out swinging
|
Batting: SHB Bran Stark
|
0-0: Ball 1-0: Ball 2-0: Foul Ball, location: 2F 2-1: Foul Ball, location: 2F 2-2: Ball 3-2: Strikes out swinging
|
Top of the 7th over - 0 runs, 1 hit, 0 errors, 1 left on base; Baltimore 5 - Chicago 6 |
BOTTOM OF THE 7TH |
Chicago White Sox batting - Pitching for Baltimore Orioles : RHP Juan Estrada
|
Pitching: LHP Marko Emchenko
|
|
Batting: SHB Alfie Bungledorf
|
0-0: Ball 1-0: Ball 2-0: Foul Ball, location: 2F 2-1: Swinging Strike 2-2: Foul Ball, location: 2F 2-2: Ground out 5-3 (Groundball, 5, EV 87.5 MPH)
|
Batting: SHB Bartholomeu Chambino
|
0-0: Called Strike 0-1: Foul Ball, location: 2F 0-2: Ball 1-2: Ball 2-2: Ball 3-2: Base on Balls
|
Batting: RHB Joseph Disepolo
|
0-0: Foul Ball, location: 2F 0-1: Ball 1-1: Ball 2-1: Ball 3-1: SINGLE (Groundball, 4D, EV 103.8 MPH) Bartholomeu Chambino to second Runner from 2nd tries for 3rd, SAFE, throw by CF made to third Joseph Disepolo to second
|
Batting: RHB Chris Cooper
|
0-0: Foul Ball, location: 2F 0-1: Called Strike 0-2: Ball 1-2: Fly out, F7 (Flyball, 7D, EV 91.2 MPH) Runner from 3rd tags up, SCORES, no throw by LF Joseph Disepolo to third
|
Batting: RHB Dietmar Warmisch
|
0-0: Called Strike 0-1: Ball 1-1: Ball 2-1: Ball 3-1: SINGLE (Flyball, 7LS, EV 92.5 MPH) Joseph Disepolo scores
|
Batting: RHB Leo Navarro
|
0-0: Fly out, F3 (Popup, 3F, EV 72.5 MPH)
|
Bottom of the 7th over - 2 runs, 2 hits, 0 errors, 1 left on base; Baltimore 5 - Chicago 8 |
TOP OF THE 8TH |
Baltimore Orioles batting - Pitching for Chicago White Sox : RHP Riso Profanter
|
Pitching: RHP Jacob Taylor
|
|
Batting: SHB Eduardo Maldonado
|
0-0: Called Strike 0-1: Called Strike 0-2: Strikes out swinging
|
Batting: RHB Saimei Kudo
|
0-0: Ball 1-0: Foul Ball, location: 2F 1-1: Ball 2-1: Swinging Strike 2-2: Foul Ball, location: 2F 2-2: Foul Ball, location: 2F 2-2: Strikes out swinging
|
Batting: RHB Tenshou Takita
|
0-0: Ball 1-0: Foul Ball, location: 2F 1-1: Foul Ball, location: 2F 1-2: Ball 2-2: Ground out 5-3 (Groundball, 5S, EV 68.8 MPH)
|
Top of the 8th over - 0 runs, 0 hits, 0 errors, 0 left on base; Baltimore 5 - Chicago 8 |
BOTTOM OF THE 8TH |
Chicago White Sox batting - Pitching for Baltimore Orioles : LHP Marko Emchenko
|
Batting: RHB Dieter Knoops
|
0-0: Ball 1-0: Called Strike 1-1: Called Strike 1-2: Strikes out swinging
|
Batting: RHB Brad Boals
|
0-0: Swinging Strike 0-1: Ball 1-1: SINGLE (Groundball, 6MD, EV 106.9 MPH)
|
Batting: RHB Kikuo Sato
|
0-0: Ball 1-0: 2-RUN HOME RUN (Flyball, 78XD, EV 109.4 MPH), Distance : 426 ft
|
Pitching: RHP Bobby Marble
|
|
Batting: SHB Alfie Bungledorf
|
0-0: Swinging Strike 0-1: Ground out 4-3 (Groundball, 4, EV 104.4 MPH)
|
Batting: SHB Bartholomeu Chambino
|
0-0: Ball 1-0: SINGLE (Groundball, 15S, EV 68.8 MPH) (infield hit)
|
Batting: RHB Joseph Disepolo
|
0-0: Ball 1-0: Ball 2-0: Foul Ball, location: 2F 2-1: Ball 3-1: Called Strike 3-2: Foul Ball, location: 2F 3-2: Foul Ball, location: 2F 3-2: Foul Ball, location: 2F 3-2: Strikes out swinging
|
Bottom of the 8th over - 2 runs, 3 hits, 0 errors, 1 left on base; Baltimore 5 - Chicago 10 |
TOP OF THE 9TH |
Baltimore Orioles batting - Pitching for Chicago White Sox : RHP Jacob Taylor
|
Batting: RHB Rudo Garciaparra
|
0-0: Ball 1-0: Foul Ball, location: 2F 1-1: Foul Ball, location: 2F 1-2: Ground out 6-3 (Groundball, 56, EV 90.0 MPH)
|
Batting: SHB Jason Hayes
|
0-0: Swinging Strike 0-1: Ground out 4-3 (Groundball, 4, EV 93.8 MPH)
|
Batting: RHB Vince Jackson
|
0-0: Ball 1-0: Fly out, F8 (Line Drive, 89S, EV 100.6 MPH)
|
Top of the 9th over - 0 runs, 0 hits, 0 errors, 0 left on base; Baltimore 5 - Chicago 10 |
|